 Dungeon Crawl Stone Soup version 0.30-a0-618-gd6c86c23d0 (webtiles) character file.

Game seed: 17799058490196094105

1681 zero the Thaumaturge (level 8, -3/44 HPs)
             Began as a Deep Elf Air Elementalist on Jan 9, 2023.
             Was a Follower of Kikubaaqudgha.
             Slain by a killer bee (7 damage)
             ... on level 8 of the Dungeon.
             The game lasted 00:11:55 (7875 turns).

zero the Thaumaturge (Deep Elf Air Elementalist)    Turns: 7875, Time: 00:11:56

Health: -3/44      AC:  4    Str:  5    XL:     8   Next: 71%
Magic:  15/22      EV: 13    Int: 23    God:    Kikubaaqudgha [*.....]
Gold:   66         SH:  0    Dex: 15    Spells: 7/24 levels left

rFire   . . .      SeeInvis .    r - +4 whip (venom)
rCold   . . .      Faith    .    (no shield)
rNeg    . . .      Spirit   .    a - +0 robe
rPois   .          Reflect  .    s - +1 helmet
rElec   .          Harm     .    (no cloak)
rCorr   .          Rampage  .    (no gloves)
Will    +....                    (no boots)
Stlth   +++                      x - amulet of regeneration
HPRegen 1.07/turn                v - ring of willpower
MPRegen 0.18/turn                (no ring)

@: lethally poisoned (-3 -> -8)
A: no striking features
a: Renounce Religion, Unearth Wretches


You were on level 8 of the Dungeon.
You worshipped Kikubaaqudgha.
Kikubaaqudgha was aware of your devotion.
You visited 2 branches of the dungeon, and saw 9 of its levels.

You collected 297 gold pieces.
You spent 231 gold pieces at shops.

Inventory:

Hand Weapons
 r - a +4 whip of venom (weapon)
Missiles
 y - a throwing net
Armour
 a - a +0 robe (worn)
 s - a +1 helmet (worn)
Jewellery
 j - an amulet of the acrobat
 u - a ring of fire
 v - a ring of willpower (left hand)
 x - an amulet of regeneration (around neck)
Wands
 d - a wand of digging (5)
 w - a wand of flame (11)
Scrolls
 e - 5 scrolls of immolation
 f - 2 scrolls of identify
 g - 4 scrolls of poison
 h - 3 scrolls of teleportation
 i - 3 scrolls of enchant armour
 k - a scroll of butterflies {unknown}
 l - 4 scrolls of blinking
 o - 4 scrolls of enchant weapon
 p - 2 scrolls of amnesia
 t - 2 scrolls of magic mapping
 z - a scroll of torment {unknown}
Potions
 b - 2 potions of magic
 c - 5 potions of haste
 m - a potion of lignification
 n - 10 potions of curing
 q - 3 potions of heal wounds


   Skills:
 + Level 2.1 Fighting
 - Level 4.0 Dodging
 - Level 4.0 Stealth
 + Level 8.9 Spellcasting
 - Level 5.0 Conjurations
 + Level 3.2 Necromancy
 - Level 1.0 Translocations
 + Level 6.1 Air Magic


You had 7 spell levels left.
You knew the following spells:

 Your Spells              Type           Power      Damage    Failure   Level
a - Shock                 Conj/Air       100%       1d9       1%          1
b - Static Discharge      Conj/Air       72%        2-5/arc   1%          2
c - Swiftness             Air            38%        N/A       1%          3
d - Airstrike             Air            19%        2d(3-19)  4%          4
g - Apportation           Tloc           28%        N/A       4%          1
E - Animate Dead          Necr           25%        N/A       16%         4
Z - Sublimation of Blood  Necr           25%        N/A       2%          2

Your spell library contained the following spells:

 Spells                   Type           Power      Damage    Failure   Level
 Kiss of Death            Conj/Necr      100%       2d13      1%          1
 Magic Dart               Conj           100%       1d8       1%          1
 Necrotise                Necr           100%       1d9       1%          1
 Searing Ray              Conj           66%        2d6       1%          2
 Vampiric Draining        Necr           25%        2d7       4%          3
 Dispel Undead            Necr           25%        3d12      16%         4
 Confusing Touch          Hex            10%        N/A       19%         3
 Fulminant Prism          Conj/Hex       10%        3d8       22%         4
 Alistair's Intoxication  Tmut/Pois      6%         N/A       87%         5


Dungeon Overview and Level Annotations

Branches:
Dungeon (8/15)             Temple (1/1) D:4
   Lair: D:8-11

Altars:
Cheibriados
Dithmenos
Elyvilon
Fedhas
Hepliaklqana
Kikubaaqudgha
Nemelex Xobeh
Okawaru
Qazlal
Ru
Uskayaw
Vehumet
Wu Jian
The Shining One

Shops:
D:5 ?   D:6 ?=[


Message History

Casting: Shock (safe; 1% risk of failure)
Confirm with . or Enter, or press ? or * to list all spells.
The killer bee is struck by an arc of lightning!
The killer bee is almost dead.
The killer bee is struck by an arc of lightning.
The killer bee is severely wounded.
The lightning grounds out.
The killer bee is struck by an arc of lightning!
You kill the killer bee!
Kikubaaqudgha accepts your kill.
The killer bee is struck by an arc of lightning!
The killer bee is heavily wounded.
The lightning grounds out.
You feel sick. The killer bee stings you.
You are more poisoned.
The killer bee poisons you! The killer bee misses you.
The killer bee closely misses you.
Casting: Static Discharge (safe; 1% risk of failure)
Confirm with . or Enter, or press ? or * to list all spells.
The killer bee is struck by an arc of lightning.
You kill the killer bee!
Kikubaaqudgha accepts your kill.
You are struck by an arc of lightning.
The lightning grounds out.
The killer bee is struck by an arc of lightning!
The killer bee is heavily wounded.
You are struck by an arc of lightning.
The lightning grounds out.
The killer bee is struck by an arc of lightning.
The killer bee is heavily wounded.
You are struck by an arc of lightning.
The killer bee is struck by an arc of lightning.
The killer bee is severely wounded.
You are struck by an arc of lightning.
* * * LOW HITPOINT WARNING * * *
The lightning grounds out.
You feel very sick. The killer bee closely misses you.
The killer bee stings you.
* * * LOW HITPOINT WARNING * * *
The killer bee stings you but does no damage.
The killer bee stings you!
You die...
Kikubaaqudgha rasps: "You have failed me!
Welcome... death!"

.......
.....
.......
#.#...#
#.#.(.#
#.#...#
#.#†yy# #
#.##@##.#
#.......#
#.).....#
#)##.##.#
#†##....#
#<###!..#
### '###
.. ..♣


You could see 2 killer bees.

Vanquished Creatures
  Edmund (D:5)
  2 sky beasts (D:7)
  A black bear (D:7)
  2 ogres (D:5)
  A phantom (D:4)
  A scorpion (D:7)
  A necrophage (D:6)
  A bullfrog (D:6)
  4 killer bees
  An electric eel (D:6)
  A hound (D:7)
  A gnoll bouda (D:5)
  A jelly (D:4)
  An orc priest (D:7)
  3 iguanas
  Natasha (thrice) (D:4)
  An orc wizard (D:7)
  12 gnolls
  16 adders
  2 shadow imps
  A white imp (D:7)
  2 ufetubi
  A worm (D:2)
  A dart slug (D:5)
  17 orcs
  9 ball pythons
  5 bats
  6 endoplasms
  4 giant cockroaches
  4 goblins
  3 hobgoblins
  8 jackals
  5 quokkas
  3 frilled lizards
  14 kobolds
  3 rats
142 creatures vanquished.

Vanquished Creatures (others)
  2 plants (D:4)
2 creatures vanquished.

Grand Total: 144 creatures vanquished

Notes
Turn   | Place    | Note
-------+----------+-------------------------------------------
     0 | D:1      | zero the Deep Elf Air Elementalist began the quest for the
                  | Orb.
     0 | D:1      | Reached XP level 1. HP: 10/10 MP: 6/6
   266 | D:1      | Learned a level 1 spell: Apportation
   356 | D:1      | Reached XP level 2. HP: 13/15 MP: 4/8
   420 | D:1      | Learned a level 2 spell: Static Discharge
  1072 | D:2      | Reached skill level 4 in Spellcasting
  1072 | D:2      | Reached XP level 3. HP: 12/19 MP: 0/10
  1156 | D:2      | Learned a level 3 spell: Swiftness
  1234 | D:2      | Reached skill level 1 in Translocations
  1364 | D:2      | Found a faded altar of an unknown god.
  1401 | D:2      | Reached XP level 4. HP: 24/24 MP: 9/12
  1406 | D:2      | Learned a level 4 spell: Airstrike
  2194 | D:3      | Reached skill level 5 in Spellcasting
  2231 | D:3      | Found a snail-covered altar of Cheibriados.
  2288 | D:3      | Found a radiant altar of Vehumet.
  2635 | D:3      | Reached XP level 5. HP: 28/28 MP: 11/14
  2948 | D:4      | Noticed a phantom
  2951 | D:4      | Killed a phantom
  2952 | D:4      | Reached skill level 6 in Spellcasting
  3044 | D:4      | Found a blossoming altar of Fedhas.
  3102 | D:4      | Found a staircase to the Ecumenical Temple.
  3125 | Temple   | Entered the Ecumenical Temple
  3181 | Temple   | Became a worshipper of Kikubaaqudgha
  3211 | D:4      | Reached XP level 6. HP: 28/32 MP: 10/17
  3380 | D:4      | Noticed Natasha
  3387 | D:4      | Killed Natasha
  3739 | D:4      | Noticed Natasha
  3742 | D:4      | Killed Natasha
  3984 | D:4      | Noticed Natasha
  3987 | D:4      | Killed Natasha
  4413 | D:5      | Entered Level 5 of the Dungeon
  4443 | D:5      | Reached skill level 7 in Spellcasting
  4532 | D:5      | Found Juivyuqyzu's Magic Scroll Boutique.
  4532 | D:5      | Noticed Edmund
  4540 | D:5      | Killed Edmund
  4541 | D:5      | Reached XP level 7. HP: 4/36 MP: 3/20
  4689 | D:5      | Bought a scroll of poison for 56 gold pieces
  4689 | D:5      | Bought a scroll of noise for 14 gold pieces
  4689 | D:5      | Bought a scroll of enchant armour for 105 gold pieces
  4689 | D:5      | Bought a scroll of identify for 28 gold pieces
  4689 | D:5      | Bought a scroll of identify for 28 gold pieces
  5264 | D:5      | Reached skill level 8 in Spellcasting
  5264 | D:5      | Reached skill level 5 in Air Magic
  6056 | D:6      | Reached skill level 1 in Necromancy
  6398 | D:6      | Found Nyxt's Magic Scroll Shop.
  6400 | D:6      | Found Vasumef's Jewellery Boutique.
  6402 | D:6      | Found Selleann's Armour Shop.
  6414 | D:6      | Reached XP level 8. HP: 30/42 MP: 13/22
  6593 | D:7      | Reached * piety under Kikubaaqudgha
  6593 | D:7      | Received a gift from Kikubaaqudgha
  6605 | D:7      | Learned a level 2 spell: Sublimation of Blood
  6610 | D:7      | Learned a level 4 spell: Animate Dead
  6734 | D:7      | Reached skill level 1 in Fighting
  6823 | D:7      | Reached skill level 5 in Conjurations
  7875 | D:8      | Slain by a killer bee

Illustrated notes

Levels and vault maps discovered:
D:1:      minmay_arrival_cross, layout_basic, kennysheep_flooded_box
D:2:      layout_basic, chequers_ecumenical_altar_simple_redux,
          kennysheep_generic_room_10
D:3:      layout_loops_cross, mainiacjoe_overflow_swirl, minmay_pentomino_pile
D:4:      layout_cave_pods, fedhas_ov_isle_minmay, minmay_temple_entry_slanted,
          uniq_natasha
D:5:      layout_loops_cross, portal_sewer_entry_f, serial_shops, shop,
          uniq_edmund
D:6:      layout_cave_pools, serial_rivers, chequers_serial_rivers_micro_e,
          chequers_serial_rivers_large_a, chequers_serial_rivers_micro_a,
          chequers_serial_rivers_small_3, nicolae_wooded_promenade
D:7:      layout_loops_ring, minmay_misc_feat_hallway, hangedman_decor_opposing
D:8:      layout_loops_cross, trog_ov_bears_minmay,
          mainiacjoe_overflow_six_doors_small, uniq_joseph
Temple:   eino_temple_lava

Skill      XL: |  1  2  3  4  5  6  7  8 |
---------------+-------------------------+-----
Spellcasting   | 4 5 6 7 8 |  8.9
Conjurations   | 2 3 4 5 |  5.0
Translocations | 1 |  1.0
Air Magic      | 4 5 6 |  6.1
Necromancy     | 1 3 |  3.2
Dodging        | 3 4 |  4.0
Stealth        | 3 4 |  4.0
Fighting       | 2 |  2.1

Action                   |  1- 3 |  4- 6 |  7- 9 || total
-------------------------+-------+-------+-------++-------
Melee: Whip              |    10 |     4 |     8 ||    22
       Unarmed           |     6 |       |       ||     6
       Punch             |     1 |       |       ||     1
       Short sword       |     6 |    12 |       ||    18
 Cast: Shock             |    54 |    88 |    65 ||   207
       Static Discharge  |     3 |    15 |    20 ||    38
       Swiftness         |     1 |       |       ||     1
       Airstrike         |       |    12 |    28 ||    40
  Use: Scroll            |     1 |       |    12 ||    13
 Stab: Sleeping          |     1 |     1 |       ||     2
Armor: Robe              |     9 |    13 |     9 ||    31
Dodge: Dodged            |    28 |    32 |    39 ||    99

Table legend: (Time is in decaauts)
 A = Elapsed time spent in this place.
 B = Non-inter-level travel time spent in this place.
 C = Inter-level travel time spent in this place.
 D = Time resting spent in this place.
 E = Time spent auto-exploring this place.
 F = Levels seen in this place.
 G = Mean time per level.
                   A        B        C        D        E       F      G
               +--------+--------+--------+--------+--------+-----+--------+
         Total |   7894 |   7771 |    123 |   2021 |   4883 |   9 |  877.1 |
       Dungeon |   7829 |   7714 |    115 |   2021 |   4844 |   8 |  978.6 |
        Temple |     64 |     56 |      8 |      0 |     39 |   1 |   64.0 |
               +--------+--------+--------+--------+--------+-----+--------+

Top non-repeatable levels by time:
     D:4: 1409 daAuts
     D:7: 1205 daAuts
     D:5: 1195 daAuts
     D:1: 1022 daAuts
     D:3: 994 daAuts
     D:6: 982 daAuts
     D:2: 930 daAuts
     D:8: 89 daAuts
  Temple: 64 daAuts
